 Dungeon Sprint DCSS version 0.30-a0-177-g1cb5dbfd7a (webtiles) character file.

Game seed: 18056548409420700017

34 rocky1 the Trooper (level 3, -3/42 HPs)
             Began as an Ogre Fighter on Oct 3, 2022.
             Was an Initiate of Okawaru.
             Killed from afar by a white imp (12 damage)
             ... with a puff of frost
             ... in the Dungeon (Sprint VII: "The Pits").
             The game lasted 00:00:43 (416 turns).

rocky1 the Trooper (Ogre Fighter)                    Turns: 416, Time: 00:00:45

Health: -3/42      AC:  3    Str: 22    XL:     3   Next: 31%
Magic:  3/3        EV:  9    Int:  9    God:    Okawaru [......]
Gold:   0          SH:  7    Dex:  8    Spells: 2/2 levels left

rFire   . . .      SeeInvis .    a - +0 war axe
rCold   . . .      Faith    .    c - +0 kite shield
rNeg    . . .      Spirit   .    b - +0 robe
rPois   .          Reflect  .    (helmet restricted)
rElec   .          Harm     .    (no cloak)
rCorr   .          Rampage  .    (gloves unavailable)
Will    .....      NoTele   +    (boots unavailable)
Stlth   +.........               (no amulet)
HPRegen 0.27/turn                (no ring)
MPRegen 0.08/turn                (no ring)

@: no status effects
A: large, unfitting armour, tough skin 1
a: Renounce Religion


You were in the Dungeon.
You worshipped Okawaru.
Okawaru was noncommittal.
You visited 1 branch

Inventory:

Hand Weapons
 a - a +0 war axe (weapon)
Armour
 b - a +0 robe (worn)
 c - a +0 kite shield (worn)
Scrolls
 j - a scroll of blinking
 l - 5 scrolls of amnesia
Potions
 d - a potion of might
 e - a potion of curing
 f - a potion of heal wounds
 g - a potion of haste
 h - 4 potions of magic
 i - 3 potions of berserk rage
 k - 2 potions of invisibility


   Skills:
 + Level 5.1 Fighting
 * Level 4.0 Axes
 + Level 3.5 Dodging
 * Level 4.7 Shields


You had 2 spell levels left.
You didn't know any spells.
Your spell library was empty.

Dungeon Overview and Level Annotations

Branches:
Dungeon (1/1)

Altars:
Ashenzari
Cheibriados
Dithmenos
Elyvilon
Fedhas
Gozag
Hepliaklqana
Kikubaaqudgha
Makhleb
Nemelex Xobeh
Okawaru
Qazlal
Ru
Sif Muna
Trog
Uskayaw
Vehumet
Wu Jian
Xom
Yredelemnul
Zin
The Shining One
Jiyva
Lugonu


Innate Abilities, Weirdness & Mutations

You are too large for most types of armour.
You have tough skin. (AC +1)


Message History

The bat hits you but does no damage. The bat closely misses you.
The adder closely misses you. The white imp gestures at you.
The puff of frost hits you. The bat hits you but does no damage.
You closely miss the adder. You hit the bat.
You kill the bat!
Okawaru accepts your kill. The bat barely misses you.
The adder barely misses you. You block the adder's attack.
Your Fighting skill increases to level 5!
You closely miss the adder. You hit the white imp but do no damage.
The adder barely misses you.
The white imp shouts, "Quail, thou bootless toenail-biting dewberry!"
The white imp hits you. The white imp freezes you.
The bat hits you but does no damage. The adder bites you.
You barely miss the adder. You completely miss the bat.
You closely miss the white imp. The bat barely misses you.
The bat closely misses you. The adder closely misses you.
The white imp gestures at you. The puff of frost hits you!
The adder bites you but does no damage.
The white imp shouts, "Get thee gone, thou simpering limp-willed skainsmate!"
The white imp barely misses you.
You slash the adder!
The adder is almost dead.
You block the adder's attack. The adder bites you but does no damage.
You closely miss the adder.
The adder is almost dead.
The adder bites you. The adder closely misses you.
You slash the adder!
You kill the adder!
Okawaru accepts your kill. The bat closely misses you.
Your Axes skill increases to level 4!
You barely miss the white imp. The white imp hits you.
* * * LOW HITPOINT WARNING * * *
The white imp freezes you.
* * * LOW HITPOINT WARNING * * *
The white imp gestures at you. The puff of frost hits you!
You die...

#_______...##########
##########'##........
#.?(.')))'.##......#.
##########.##........
#...........'........
#+#####'#####......#.
#...#รท# #........
#...#.# ####'####
#.@.).# #.......#
##5#### #.......#
#.b...# #.......#
#.....# #...<...#
#....... #.......#
#........##.......#
###########.......#
#########


You could see a white imp and a bat.

Vanquished Creatures
  2 adders (D)
  A river rat (D)
  An orc (D)
  A bat (D)
  A hobgoblin (D)
  A ball python skeleton (D)
7 creatures vanquished.

Notes
Turn   | Place    | Note
-------+----------+-------------------------------------------
     0 | D        | rocky1 the Ogre Fighter began the quest for the Orb.
     0 | D        | Reached XP level 1. HP: 24/24 MP: 1/1
    19 | D        | Found a bloodstained altar of Trog.
    19 | D        | Found a shimmering blue altar of Sif Muna.
    19 | D        | Found a viscous altar of Jiyva.
    19 | D        | Found a hazy altar of Hepliaklqana.
    19 | D        | Found an opulent altar of Gozag.
    20 | D        | Found a glowing golden altar of the Shining One.
    20 | D        | Found a glowing silver altar of Zin.
    20 | D        | Found a basalt altar of Yredelemnul.
    20 | D        | Found a shimmering altar of Xom.
    20 | D        | Found an ornate altar of the Wu Jian Council.
    20 | D        | Found a sacrificial altar of Ru.
    20 | D        | Found a stormy altar of Qazlal.
    20 | D        | Found an iron altar of Okawaru.
    20 | D        | Found a sparkling altar of Nemelex Xobeh.
    20 | D        | Found a burning altar of Makhleb.
    20 | D        | Found a blossoming altar of Fedhas.
    20 | D        | Found a white marble altar of Elyvilon.
    20 | D        | Found a shadowy altar of Dithmenos.
    20 | D        | Found a snail-covered altar of Cheibriados.
    23 | D        | Found a corrupted altar of Lugonu.
    23 | D        | Found a radiant altar of Vehumet.
    24 | D        | Found an ancient bone altar of Kikubaaqudgha.
    24 | D        | Found a hide-covered altar of Uskayaw.
    24 | D        | Found a broken altar of Ashenzari.
    28 | D        | Became a worshipper of Warmaster Okawaru
    71 | D        | Reached XP level 2. HP: 16/33 MP: 2/2
   252 | D        | Reached XP level 3. HP: 17/41 MP: 3/3
   410 | D        | Reached skill level 5 in Fighting
   416 | D        | Killed from afar by a white imp

Illustrated notes

Levels and vault maps discovered:
D:        pitsprint [storerooms_1, entrance_room_1, metal_vault_2, armoury_2,
          mini_pit_1, grid_room_1, main_hall_1, silver_pit, the_coven_3,
          the_vestibule_1, steel_vault_1, golden_pit, hallway_of_sentries,
          crystal_vault_2, iron_vault_2, final_vault]

Skill      XL: |  1  2  3 |
---------------+----------+-----
Axes           | 3 4 |  4.0
Dodging        | 3 |  3.5
Shields        | 4 |  4.7
Fighting       | 5 |  5.1

Action                   || total
-------------------------++-------
Melee: War axe           ||    29
Armor: Robe              ||     8
Dodge: Dodged            ||    19
Block: Kite shield       ||    16

Table legend: (Time is in decaauts)
 A = Elapsed time spent in this place.
 B = Non-inter-level travel time spent in this place.
 C = Inter-level travel time spent in this place.
 D = Time resting spent in this place.
 E = Time spent auto-exploring this place.
 F = Levels seen in this place.
 G = Mean time per level.
                   A        B        C        D        E       F      G
               +--------+--------+--------+--------+--------+-----+--------+
         Total |    429 |    429 |      0 |    315 |      0 |   1 |  429.0 |
       Dungeon |    429 |    429 |      0 |    315 |      0 |   1 |  429.0 |
               +--------+--------+--------+--------+--------+-----+--------+

Top non-repeatable levels by time:
       D: 429 daAuts
